 Dungeon Crawl Stone Soup version 0.31-a0-1388-g4b2ba238e7 (webtiles) character file.

Game seed: 4055781829084802075

250 croobank the Firebug (level 5, 0/38 HPs)
             Began as a Demigod Fire Elementalist on Dec 24, 2023.
             Slain by a hobgoblin (1 damage)
             ... on level 4 of the Dungeon.
             The game lasted 00:08:46 (2355 turns).

croobank the Firebug (Demigod Fire Elementalist)    Turns: 2355, Time: 00:08:47

Health: 0/38       AC:  3    Str:  9    XL:     5   Next: 57%
Magic:  0/11       EV: 12    Int: 21    God:
Gold:   101        SH:  0    Dex: 14    Spells: 3/9 levels left

rFire   . . .        c - +0 dagger
rCold   . . .        (no shield)
rNeg    . . .        a - +1 robe
rPois   +            (no helmet)
rElec   .            (no cloak)
rCorr   .            (no gloves)
SInv    .            (no boots)
Will    .....        (no amulet)
Stlth   ++           (no ring)
HPRegen 0.26/turn    (no ring)
MPRegen 0.12/turn

%: no passive effects
@: no status effects
A: high MP 1, forlorn, divine attributes, poison resistance, MP-powered wands
a: no special abilities


You were on level 4 of the Dungeon.
You visited 1 branch of the dungeon, and saw 3 of its levels.

You collected 101 gold pieces.

Inventory:

Hand Weapons
 c - a +0 dagger (weapon)
 f - a +0 quarterstaff
 h - a +0 mace
Armour
 a - a +1 robe (worn)
Wands
 g - a wand of paralysis (5)


   Skills:
 + Level 2.8 Dodging
 + Level 3.0 Stealth
 + Level 2.7 Spellcasting
 + Level 2.3 Conjurations
 + Level 1.1 Hexes
 + Level 3.5 Fire Magic


You had 3 spell levels left.
You knew the following spells:

 Your Spells              Type           Power      Damage    Failure   Level
a - Foxfire               Conj/Fire      60%        2x1d7     4%          1
b - Scorch                Fire           34%        2d6       4%          2
c - Inner Flame           Hex/Fire       12%        N/A       16%         3

Your spell library contained the following spells:

 Spells                   Type           Power      Damage    Failure   Level
 Cigotuvi's Dreadful Rot  Necr/Alch/Air  4%         N/A       21%         2
 Volatile Blastmotes      Fire/Tloc      20%        2d11      21%         3
 Flame Wave               Conj/Fire      15%        2d7       38%         4
 Ignite Poison            Fire/Alch      10%        N/A       54%         4
 Freezing Cloud           Conj/Ice/Air   3%         6-21      95%         5


Dungeon Overview and Level Annotations

Branches:
Dungeon (2/15)


Innate Abilities, Weirdness & Mutations

You have an increased reservoir of magic. (+10% MP)
You shall have no god before yourself.
Your divine heritage dramatically boosts your attributes as you level up.
Your system is resistant to poisons. (rPois)
You expend magic power (3 MP) to strengthen your wands.


Message History

You kill the black bear!
The goblin misses you.
Your Stealth skill increases to level 3!
Your Hexes skill increases to level 1!
You have reached level 5!
Aiming: Paralyse
Press: ? - help, Shift-Dir - straight line, f - goblin
Aim: a goblin, wielding a +0 dagger (chance to affect: 67%)
The goblin suddenly stops moving!
The helpless goblin fails to defend itself.
You puncture the goblin!
You kill the goblin!
Things that are here:
a +0 dagger; a +0 sling You open the door.
A gnoll comes into view.
It is wielding a +0 flail and quivering 2 throwing nets.
There is an open door here.
You hear some strange, mumbled words.
A puff of flame appears from out of thin air!
The puff of flame hits you!
* * * LOW HITPOINT WARNING * * *
Casting: Foxfire (safe; 4% risk of failure)
Confirm with . or Enter, or press ? or * to list all spells.
You conjure some foxfire!
The foxfire hits the hobgoblin.
The hobgoblin is heavily wounded.
Something hits you.
* * * LOW HITPOINT WARNING * * *
The goblin shoots a sling bullet.
The sling bullet hits you.
* * * LOW HITPOINT WARNING * * *
Aiming: Paralyse
Press: ? - help, Shift-Dir - straight line Nothing appears to happen.
The foxfire hits something.
Something hits you.
* * * LOW HITPOINT WARNING * * *
The goblin shoots a sling bullet.
The sling bullet completely misses you.
Aiming: Paralyse
Press: ? - help, Shift-Dir - straight line Nothing appears to happen.
An orc wizard appears from thin air!
Reactivating autopickup.
The hobgoblin hits you.
You die...

..######
#)##.))...#
..####
#†)#..#.....
.....#
#g.#.....#..
.....#
#..#######
.....# #..#
.....# ###
##..##
######
#..##8g.8##
#..'o.....+
#..#@g##..#
#..#### ###
#.. #.. #g.
#.. #..


You could see an orc wizard (paralysed), a hobgoblin and a goblin.

Vanquished Creatures
  A black bear (D:4)
  2 bombardier beetles (D:4)
  An orc wizard (D:4)
  An adder (D:2)
  A worm (D:2)
  3 orcs (D:4)
  A ball python (D:4)
  A bat (D:2)
  9 endoplasms
  A giant cockroach (D:4)
  2 hobgoblins (D:2)
  12 jackals
  2 kobolds
  5 quokkas (D:1)
  3 goblins
  5 rats (D:1)
50 creatures vanquished.

Vanquished Creatures (others)
  93 foxfires
93 creatures vanquished.

Grand Total: 143 creatures vanquished

Notes
Turn   | Place    | Note
-------+----------+-------------------------------------------
     0 | D:1      | croobank the Demigod Fire Elementalist began the quest for
                  | the Orb.
     0 | D:1      | Reached XP level 1. HP: 14/14 MP: 5/5
   183 | D:1      | Reached skill level 1 in Conjurations
   444 | D:1      | Reached XP level 2. HP: 20/20 MP: 5/7
   529 | D:1      | Learned a level 2 spell: Scorch
  1109 | D:2      | Reached XP level 3. HP: 25/26 MP: 3/8
  1745 | D:2      | You fall into a shaft and drop 2 floors!
  1773 | D:4      | Reached XP level 4. HP: 33/33 MP: 0/10
  1954 | D:4      | Learned a level 3 spell: Inner Flame
  2082 | D:4      | Noticed a lemure
  2083 | D:4      | Noticed a lemure
  2327 | D:4      | Noticed a black bear
  2331 | D:4      | Gained mutation: You are weak. (Str -2) [potion of
                  | mutation]
  2331 | D:4      | Gained mutation: You expend magic power (3 MP) to
                  | strengthen your wands. [potion of mutation]
  2331 | D:4      | Lost mutation: You are weak. (Str -2) [potion of mutation]
  2331 | D:4      | Gained mutation: Your system is resistant to poisons.
                  | (rPois) [potion of mutation]
  2339 | D:4      | Killed a black bear
  2340 | D:4      | Reached skill level 1 in Hexes
  2340 | D:4      | Reached XP level 5. HP: 14/38 MP: 1/11
  2354 | D:4      | HP: 1/38 [something (1)]
  2355 | D:4      | Slain by a hobgoblin

Illustrated notes

Levels and vault maps discovered:
D:1:      ldierk_walled_garden, layout_basic
D:2:      minmay_diamond_boxcup, layout_basic, serial_shops, shop, uniq_terence
D:4:      minmay_chambers_of_twos, layout_basic, uniq_pikel

Skill      XL: |  1  2  3  4 |
---------------+-------------+-----
Conjurations   | 1 2 |  2.3
Stealth        | 2 3 |  3.0
Dodging        | 2 |  2.8
Spellcasting   | 2 |  2.7
Fire Magic     | 3 |  3.5
Hexes          | 1 |  1.1

Action                     |  1- 3 |  4- 6 || total
---------------------------+-------+-------++-------
  Melee: Dagger            |    16 |    17 ||    33
         Unarmed           |     2 |       ||     2
         Punch             |     1 |       ||     1
   Cast: Foxfire           |    48 |     7 ||    55
         Scorch            |    15 |    18 ||    33
  Evoke: Wand              |       |     8 ||     8
    Use: Scroll            |       |     4 ||     4
         Potion            |       |     4 ||     4
   Stab: Paralysed         |       |     5 ||     5
 Armour: Robe              |    15 |    28 ||    43
  Dodge: Dodged            |    16 |    18 ||    34

Table legend: (Time is in decaauts)
 A = Elapsed time spent in this place.
 B = Non-inter-level travel time spent in this place.
 C = Inter-level travel time spent in this place.
 D = Time resting spent in this place.
 E = Time spent auto-exploring this place.
 F = Levels seen in this place.
 G = Mean time per level.
                   A        B        C        D        E       F      G
               +--------+--------+--------+--------+--------+-----+--------+
         Total |   2353 |   2328 |     25 |    847 |   1003 |   3 |  784.3 |
       Dungeon |   2353 |   2328 |     25 |    847 |   1003 |   3 |  784.3 |
               +--------+--------+--------+--------+--------+-----+--------+

Top non-repeatable levels by time:
     D:1: 1151 daAuts
     D:4: 609 daAuts
     D:2: 592 daAuts
